 Dungeon Crawl Stone Soup version 5.2-56-g927a965 (webtiles) character file.

2 Mendin the Cudgeler (level 7, -1/71 HPs) *CASUAL*
             Began as an Ogre Skald on Dec 30, 2017.
             Was an Initiate of Cheibriados.
             Slain by Duvessa
             ... wielding a +0 long sword
              (10 damage)
             ... on level 4 of the Dungeon on Dec 31, 2017.
             The game lasted 00:06:43 (3351 turns).

Mendin the Cudgeler (Ogre Skald)                    Turns: 3351, Time: 00:06:44

Health: -1/71      AC:  3 (0%)Str: 19   XL:     7   Next: 88%
Magic:  7/7        EV: 10    Int: 14    God:    Cheibriados [0*[18]]
Gold:   283        SH:  0    Dex: 10    Spells: 4/14 levels left

rFire    . . .     SeeInvis .   d - +0 whip
rCold    . . .     Faith    .   (no shield)
rNeg     . . .     Spirit   .   b - +0 robe
rPois    .         Reflect  .   (helmet restricted)
rElec    .                      (no cloak)
rCorr    .                      (gloves unavailable)
MR       .....                  (boots unavailable)
Stlth    +.........             (no amulet)
Regen    0.7/turn               (no ring)
MPRegen  0.2/turn               (no ring)

@: regenerating, drained, very slow
A: unfitting armour, tough skin 1
a: End Regeneration, Stop Singing, Bend Time, Renounce Religion


You were on level 4 of the Dungeon.
You worshipped Cheibriados.
Cheibriados was noncommittal.
You were not hungry.

You visited 1 branch of the dungeon, and saw 4 of its levels.

You collected 283 gold pieces.

Inventory:

Hand Weapons
 a - a +0 mace
 d - a +0 whip (weapon)
 n - a +0 giant club
Missiles
 g - 93 poisoned tomahawks (quivered)
Armour
 b - a +0 robe (worn)
Scrolls
 f - 2 scrolls of teleportation
 j - a scroll of magic mapping
 k - a scroll of immolation
 l - a scroll of enchant weapon
Potions
 h - 3 potions of cancellation
 i - a potion of curing


   Skills:
 + Level 4.5(4.4) Fighting
 + Level 4.6(4.5) Maces & Staves
 + Level 2.5(2.4) Dodging
 - Level 4.0(3.9) Spellcasting
 * Level 3.5(3.4) Charms
 - Level 2.2(2.1) Necromancy
 * Level 2.6(2.5) Ice Magic


You had 4 spell levels left.
You knew the following spells:

 Your Spells              Type           Power        Failure   Level  Hunger
a - Infusion              Chrm           12 (25)      4%          1    N/A
b - Song of Slaying       Chrm           12 (100)     7%          2    N/A
c - Regeneration          Chrm/Necr      10 (200)     19%         3    N/A
d - Ozocubu's Armour      Chrm/Ice       11 (100)     50%         4    N/A

Dungeon Overview and Level Annotations

Branches:
Dungeon (4/15)

Altars:
Cheibriados
Kikubaaqudgha
Okawaru
Trog
Xom

Annotations:
D:4 Duvessa


Innate Abilities, Weirdness & Mutations

You are too large for most types of armour.
You have tough skin. (AC +1)


Message History

Duvessa is lightly wounded.
Duvessa hits you with a +0 long sword (13)!
* * * LOW HITPOINT WARNING * * *
You barely miss Duvessa.
Duvessa is lightly wounded.
Duvessa hits you with a +0 long sword (9)!
* * * LOW HITPOINT WARNING * * *
You feel better. Duvessa completely misses you.
You completely miss Duvessa.
Duvessa is lightly wounded.
Duvessa barely misses you.
You hit Duvessa (3).
Duvessa is lightly wounded.
Duvessa hits you with a +0 long sword (18)!!
* * * LOW HITPOINT WARNING * * *
You feel better.
Duvessa hits you with a +0 long sword (2).
* * * LOW HITPOINT WARNING * * *
Duvessa hits you with a +0 long sword (10)!
You die...

..#.... ####.......
.......####..........
............#$.##.# #
. ### #.#
##....##.#.# #.. .#
#.# #.......)#.#....
.#
#.####.###.#......#
.# #.##...#
#.#......#
#####.##.#.#
#..)e...##
#..(.....#.#
##.@....#
..###......#
#.......# ..#
####...............#
.## .................
..#
#.####....#....(...
#.# ..
#.?#...........
#.###... ...###.
....... ..........##
#. ....... ##.#...##


You could see Duvessa (berserk).

Vanquished Creatures
  An ogre (D:4)
  Dowan (D:4)
  A howler monkey (D:4)
  A hound (D:3)
  Jessica (D:2)
  Terence (D:2)
  A worker ant (D:4)
  Samantha (D:3)
  2 adders
  A dart slug (D:4)
  An orc (D:3)
  3 quokkas
  5 giant cockroaches
  22 goblins
  12 hobgoblins
  7 kobolds
  A ball python (D:4)
  8 bats
  4 frilled lizards
  11 rats
85 creatures vanquished.

Notes
Turn   | Place    | Note
-------+----------+-------------------------------------------
     0 | D:1      | Mendin the Ogre Skald began the quest for the Orb.
     0 | D:1      | Reached XP level 1. HP: 22/22 MP: 3/3
   161 | D:1      | Reached XP level 2. HP: 29/29 MP: 5/5
   375 | D:1      | Learned a level 2 spell: Song of Slaying
   399 | D:1      | Reached XP level 3. HP: 36/36 MP: 5/5
   694 | D:1      | Learned a level 3 spell: Regeneration
  1241 | D:2      | Found a shimmering altar of Xom.
  1261 | D:2      | Reached XP level 4. HP: 44/45 MP: 6/6
  1264 | D:2      | Reached skill level 1 in Ice Magic
  1457 | D:2      | Found an iron altar of Okawaru.
  1476 | D:2      | Noticed Jessica
  1478 | D:2      | Killed Jessica
  1478 | D:2      | Reached XP level 5. HP: 51/53 MP: 7/7
  1599 | D:2      | Reached skill level 1 in Necromancy
  1629 | D:2      | Noticed Terence
  1640 | D:2      | Killed Terence
  2012 | D:2      | Learned a level 4 spell: Ozocubu's Armour
  2069 | D:3      | Found an ancient bone altar of Kikubaaqudgha.
  2112 | D:3      | Reached XP level 6. HP: 59/62 MP: 4/4
  2288 | D:3      | Noticed Samantha
  2321 | D:3      | Killed Samantha
  2553 | D:3      | Found a snail-covered altar of Cheibriados.
  2557 | D:3      | Found a bloodstained altar of Trog.
  2561 | D:3      | Became a worshipper of Cheibriados the Contemplative
  2839 | D:3      | Found a faded altar of an unknown god.
  3203 | D:4      | Reached XP level 7. HP: 63/68 MP: 5/5
  3324 | D:4      | Noticed Duvessa
  3327 | D:4      | Noticed Dowan
  3338 | D:4      | Killed Dowan
  3350 | D:4      | HP: 1/71 [Duvessa/+0 long sword (18)]
  3351 | D:4      | Slain by Duvessa

Skill      XL: |  1  2  3  4  5  6  7 |
---------------+----------------------+-----
Maces & Staves | 3 4 |  4.6
Fighting       | 3 4 |  4.5
Ice Magic      | 1 2 |  2.6
Spellcasting   | 3 4 |  4.0
Necromancy     | 1 2 |  2.2
Dodging        | 2 |  2.5
Charms         | 3 |  3.5

Action                   |  1- 3 |  4- 6 |  7- 9 || total
-------------------------+-------+-------+-------++-------
Melee: Mace              |    12 |       |       ||    12
       Whip              |    74 |   201 |    37 ||   312
Throw: Tomahawk          |       |     1 |       ||     1
 Cast: Song of Slaying   |     1 |       |       ||     1
       Regeneration      |       |     1 |       ||     1
  Use: Potion            |       |       |     3 ||     3
Armor: Robe              |    20 |    61 |     1 ||    82
Dodge: Dodged            |    43 |   101 |    15 ||   159
